 Dungeon Crawl Stone Soup version 0.29.1-15-g9cfb28693d (webtiles) character file.

Game seed: 8066501006870339405

261 IndexError the Magician (level 6, -7/44 HPs)
             Began as a Gnoll Hedge Wizard on Mar 9, 2023.
             Killed from afar by Ijyb (16 damage)
             ... with a bolt of dispelling energy
             ... on level 4 of the Dungeon.
             The game lasted 00:10:45 (3926 turns).

IndexError the Magician (Gnoll Hedge Wizard)        Turns: 3926, Time: 00:10:46

Health: -7/44      AC:  3    Str:  9    XL:     6   Next: 18%
Magic:  16/16      EV: 18    Int: 17    God:
Gold:   158        SH:  0    Dex: 16    Spells: 13/19 levels left

rFire   . . .      SeeInvis .   a - +6 short sword "Egg" {holy, Int+2 Dex+4}
rCold   . . .      Faith    .   (no shield)
rNeg    . . .      Spirit   .   u - +0 robe
rPois   .          Reflect  .   l - +0 helmet
rElec   .          Harm     .   (no cloak)
rCorr   .          Rampage  .   (no gloves)
Will    .....                   (no boots)
Stlth   +++.......              (no amulet)
HPRegen 0.14/turn               j - +4 ring of evasion
MPRegen 0.15/turn               (no ring)

@: no status effects
A: fangs 1, strong nose, distributed training
a: no special abilities


You were on level 4 of the Dungeon.
You visited 1 branch of the dungeon, and saw 4 of its levels.

You collected 158 gold pieces.

Inventory:

Hand Weapons
 a - the +6 short sword "Egg" (weapon) {holy, Int+2 Dex+4}
   (You found it on level 4 of the Dungeon)

   It has been blessed by the Shining One to cause great damage to the undead
   and demons.
   Int:       It affects your intelligence (+2).
   Dex:       It affects your dexterity (+4).
 b - a +0 shortbow
   (You took it off a goblin on level 4 of the Dungeon)
Armour
 l - a +0 helmet (worn)
   (You found it on level 2 of the Dungeon)
 u - a +0 robe (worn)
Jewellery
 j - a +4 ring of evasion (left hand)
   (You found it on level 1 of the Dungeon)
 s - a ring of ice {rC+, rF-}
   (You found it on level 3 of the Dungeon)
Scrolls
 f - 2 scrolls of poison {unknown}
 k - 3 scrolls of enchant armour {unknown}
 n - a scroll of magic mapping {unknown}
 o - 2 scrolls of identify {unknown}
 p - 3 scrolls of teleportation {unknown}
 t - 2 scrolls of blinking {unknown}
Potions
 c - a potion of curing {unknown}
 d - 2 potions of magic
 e - 2 potions of might {unknown}
 g - a potion of invisibility {unknown}
 h - a potion of resistance {unknown}
 i - a potion of cancellation {unknown}
 q - a potion of brilliance {unknown}
 r - a potion of degeneration {unknown}


   Skills:
 + Level 1.9 Fighting
 + Level 1.9 Short Blades
 + Level 1.9 Long Blades
 + Level 1.9 Axes
 + Level 1.9 Maces & Flails
 + Level 1.9 Polearms
 + Level 1.9 Staves
 + Level 1.9 Ranged Weapons
 + Level 1.9 Throwing
 + Level 1.9 Armour
 + Level 5.0 Dodging
 + Level 4.6 Stealth
 + Level 1.9 Shields
 + Level 1.9 Unarmed Combat
 + Level 7.4 Spellcasting
 + Level 2.6 Conjurations
 + Level 1.5 Hexes
 + Level 2.6 Summonings
 + Level 1.5 Necromancy
 + Level 2.6 Translocations
 + Level 1.5 Transmutations
 + Level 1.5 Fire Magic
 + Level 1.5 Ice Magic
 + Level 1.5 Air Magic
 + Level 1.5 Earth Magic
 + Level 1.5 Poison Magic
 + Level 2.1 Invocations
 + Level 1.9 Evocations


You had 13 spell levels left.
You knew the following spells:

 Your Spells              Type           Power      Damage    Failure   Level
a - Magic Dart            Conj           60%        1d6       3%          1
b - Blink                 Tloc           30%        N/A       6%          2
c - Call Imp              Summ           15%        N/A       6%          2
s - Slow                  Hex            44%        N/A       6%          1

Your spell library contained the following spells:

 Spells                   Type           Power      Damage    Failure   Level
 Scorch                   Fire           22%        2d6       9%          2
 Conjure Flame            Conj/Fire      13%        6-21      14%         3
 Summon Guardian Golem    Hex/Summ       13%        N/A       14%         3
 Mephitic Cloud           Conj/Pois/Air  12%        N/A       16%         3
 Flame Wave               Conj/Fire      13%        2d6       43%         4
 Summon Cactus Giant      Summ           7%         N/A       99%         6
 Orb of Destruction       Conj           7%         9d6       100%        7
 Spellforged Servitor     Conj/Summ      7%         N/A       100%        7


Dungeon Overview and Level Annotations

Branches:
Dungeon (4/15)
 Temple: D:4-7

Altars:
Kikubaaqudgha
Okawaru

Shops:
D:1 *

Annotations:
D:4 Ijyb


Innate Abilities, Weirdness & Mutations

You have very sharp teeth.
Your uncanny sense of smell can sniff out nearby items.
Your experience applies equally to all skills.


Message History

Really walk into a travel-excluded area?
Casting: Call Imp (safe; 7% risk of failure)
Confirm with . or Enter, or press ? or * to list all spells.
Okay, then.
Casting: Call Imp (safe; 7% risk of failure)
Confirm with . or Enter, or press ? or * to list all spells.
Aiming: Slow (safe; 7% risk of failure)
Press: ? - help, Shift-Dir - straight line, f - Ijyb
Aim: Ijyb, wielding a +0 dagger, wearing a +0 scale mail and carrying a wand of quicksilver (11) (asleep, ally target, chance to affect: 57%) Ijyb shouts!
Ijyb seems to slow down.
You now have 13/16 mp.
Really fire in your crimson imp's direction? [Y]es or [N]o only, please.
Really fire in your crimson imp's direction?
Okay, then.
Ijyb zaps a wand.
The bolt of dispelling energy hits your crimson imp!
The bolt of dispelling energy misses you.
Your crimson imp blinks!
You shoot an arrow. The arrow closely misses Ijyb.
Your crimson imp blinks!
Ijyb zaps a wand.
The bolt of dispelling energy hits you!!
You take 19 damage, and have 25/44 hp.
MASSIVE DAMAGE!!
You are too injured to fight recklessly!
Fire: b) +0 shortbow
Press: ? - help, Q - select action, (/) - cycle Shift-Dir - straight line, f/p - Ijyb
Aim: Ijyb, wielding a +0 dagger, wearing a +0 scale mail and carrying a wand of quicksilver (9) (slow, ally target, 52% to hit)
You shoot an arrow. The arrow hits Ijyb but does no damage.
Ijyb zaps a wand.
The bolt of dispelling energy misses you.
Fire: b) +0 shortbow
Press: ? - help, Q - select action, (/) - cycle Shift-Dir - straight line, f/p - Ijyb
Aim: Ijyb, wielding a +0 dagger, wearing a +0 scale mail and carrying a wand of quicksilver (8) (slow, ally target, 52% to hit)
You shoot an arrow. The arrow hits Ijyb but does no damage.
Ijyb zaps a wand.
The bolt of dispelling energy misses you.
Fire: b) +0 shortbow
Press: ? - help, Q - select action, (/) - cycle Shift-Dir - straight line, f/p - Ijyb
Aim: Ijyb, wielding a +0 dagger, wearing a +0 scale mail and carrying a wand of quicksilver (7) (slow, ally target, 52% to hit)
You shoot an arrow. The arrow hits Ijyb but does no damage.
Your crimson imp blinks!
You feel clever.
You feel agile.
The +6 short sword "Egg" {holy, Int+2 Dex+4} softly glows with a divine radiance!
a - the +6 short sword "Egg" (weapon)
{holy, Int+2 Dex+4} The +6 short sword "Egg" {holy, Int+2 Dex+4} stops glowing.
b - a +0 shortbow (weapon)
Ijyb screams, "Die!"
Ijyb zaps a wand.
The bolt of dispelling energy hits you.
You take 6 damage, and have 20/44 hp.
You feel clever.
You feel agile.
The +6 short sword "Egg" {holy, Int+2 Dex+4} softly glows with a divine radiance!
a - the +6 short sword "Egg" (weapon)
{holy, Int+2 Dex+4}
Aiming: Magic Dart (safe; 3% risk of failure)
Press: ? - help, Q - select action, (/) - cycle Shift-Dir - straight line, f/p - Ijyb
Aim: Ijyb, wielding a +0 dagger, wearing a +0 scale mail and carrying a wand of quicksilver (6) (slow, ally target, 100% to hit)
The magic dart hits Ijyb but does no damage.
Ijyb misses your crimson imp.
You now have 14/16 mp.
Your crimson imp barely misses Ijyb.
Your crimson imp closely misses Ijyb.
Ijyb hits your crimson imp with a +0 dagger.
The +6 short sword "Egg" {holy, Int+2 Dex+4} stops glowing.
b - a +0 shortbow (weapon)
Ijyb is no longer moving slowly.
Your crimson imp blinks!
You feel clever.
You feel agile.
The +6 short sword "Egg" {holy, Int+2 Dex+4} softly glows with a divine radiance!
a - the +6 short sword "Egg" (weapon)
{holy, Int+2 Dex+4} Ijyb hits you with a +0 dagger.
You take 2 damage, and have 18/44 hp.
You are too injured to fight recklessly!
You are too injured to fight recklessly!
You closely miss Ijyb. Your bite misses Ijyb.
Your crimson imp hits Ijyb but does no damage.
Ijyb completely misses you.
You hit Ijyb but do no damage.
Your crimson imp hits Ijyb.
Ijyb closely misses you.
You barely miss Ijyb.
Your crimson imp completely misses Ijyb.
Ijyb zaps a wand.
The bolt of dispelling energy misses you.
You hit Ijyb.
Your crimson imp completely misses Ijyb.
Ijyb zaps a wand.
The bolt of dispelling energy hits you!
* * * LOW HITPOINT WARNING * * *
You take 10 damage, and have 8/44 hp.
MASSIVE DAMAGE!!
You closely miss Ijyb.
Your crimson imp blinks!
Ijyb screams, "I cut your head off!" Ijyb misses you.
You hit Ijyb but do no damage.
Your crimson imp blinks!
Ijyb misses you.
You hit Ijyb but do no damage. Ijyb hits you but does no damage.
MP restored: 16 You hit Ijyb but do no damage.
Ijyb zaps a wand.
The bolt of dispelling energy hits you!
You die...

####.##.####..## .#
#..#.# #..## #.#
#..#.###.## ##.#
#.####...####.#
#..# ##...##..#
#...##.ยง.....##
###....##....)#
##..####..........#
#.@# ##.........#
#g## #.........#
#.# ##.##.....# ..#
### #....# $.##
..... ... #...#
#... ....


You could see Ijyb.

Vanquished Creatures
  2 vampire bats (D:3)
  A hound (D:4)
  4 gnolls
  5 adders
  2 worms
  A dart slug (D:4)
  2 orcs
  2 bats
  2 bat skeletons (D:3)
  3 bat zombies (D:3)
  6 endoplasms
  2 giant cockroaches
  6 goblins
  2 hobgoblins (D:2)
  2 quokkas
  6 ball pythons
  5 frilled lizards
  4 kobolds
  6 rats
63 creatures vanquished.

Notes
Turn   | Place    | Note
-------+----------+-------------------------------------------
     0 | D:1      | IndexError the Gnoll Hedge Wizard began the quest for the
                  | Orb.
     0 | D:1      | Reached XP level 1. HP: 13/13 MP: 8/8
   146 | D:1      | Reached skill level 2 in Conjurations
   146 | D:1      | Reached skill level 2 in Summonings
   146 | D:1      | Reached skill level 2 in Translocations
   203 | D:1      | Reached XP level 2. HP: 17/19 MP: 0/10
   421 | D:1      | Found Rikyjyri's General Store.
  1127 | D:2      | Reached XP level 3. HP: 17/25 MP: 6/11
  1466 | D:2      | Reached skill level 1 in Invocations
  1668 | D:2      | Reached skill level 1 in Fighting
  1668 | D:2      | Reached skill level 1 in Short Blades
  1668 | D:2      | Reached skill level 1 in Long Blades
  1668 | D:2      | Reached skill level 1 in Axes
  1668 | D:2      | Reached skill level 1 in Maces & Flails
  1668 | D:2      | Reached skill level 1 in Polearms
  1668 | D:2      | Reached skill level 1 in Staves
  1668 | D:2      | Reached skill level 1 in Ranged Weapons
  1668 | D:2      | Reached skill level 1 in Throwing
  1668 | D:2      | Reached skill level 1 in Armour
  1668 | D:2      | Reached skill level 1 in Shields
  1668 | D:2      | Reached skill level 1 in Unarmed Combat
  1668 | D:2      | Reached skill level 1 in Evocations
  1841 | D:2      | Found a faded altar of an unknown god.
  2179 | D:2      | Reached XP level 4. HP: 28/32 MP: 7/13
  2245 | D:2      | Reached skill level 1 in Hexes
  2245 | D:2      | Reached skill level 1 in Necromancy
  2245 | D:2      | Reached skill level 1 in Transmutations
  2245 | D:2      | Reached skill level 1 in Fire Magic
  2245 | D:2      | Reached skill level 1 in Ice Magic
  2245 | D:2      | Reached skill level 1 in Air Magic
  2245 | D:2      | Reached skill level 1 in Earth Magic
  2245 | D:2      | Reached skill level 1 in Poison Magic
  2399 | D:2      | Learned a level 2 spell: Blink
  2402 | D:2      | Learned a level 2 spell: Call Imp
  2404 | D:2      | Learned a level 1 spell: Slow
  2576 | D:3      | Found an iron altar of Okawaru.
  2961 | D:3      | Found an ancient bone altar of Kikubaaqudgha.
  2972 | D:3      | Reached XP level 5. HP: 29/37 MP: 11/14
  3415 | D:4      | Reached skill level 2 in Invocations
  3632 | D:4      | Reached XP level 6. HP: 44/44 MP: 12/16
  3777 | D:4      | Reached skill level 5 in Dodging
  3883 | D:4      | Identified the +6 short sword "Egg" {holy, Int+2 Dex+4}
  3896 | D:4      | Noticed Ijyb
  3922 | D:4      | HP: 8/44 [Ijyb/bolt of dispelling energy (10)]
  3926 | D:4      | Killed from afar by Ijyb

Illustrated notes

Levels and vault maps discovered:
D:1:      lemuel_arrival_rhombus, layout_basic, serial_shops,
          nicolae_shop_hallway_stairs, minmay_domino_2
D:2:      layout_basic, serial_glass, glass_columns_a, glass_columns_b,
          hellmonk_ecumenical_altar_crossroads, nicolae_kite_square_tiling_tiny,
          kennysheep_potato
D:3:      layout_rooms, kennysheep_vampire_church, okawaru_ov_weapons_minmay,
          minmay_cut_off
D:4:      layout_layer_cave, uniq_ijyb

Skill      XL: |  1  2  3  4  5  6 |
---------------+-------------------+-----
Conjurations   | 2 |  2.6
Summonings     | 2 |  2.6
Translocations | 2 |  2.6
Invocations    | 1 2 |  2.1
Fighting       | 1 |  1.9
Short Blades   | 1 |  1.9
Long Blades    | 1 |  1.9
Axes           | 1 |  1.9
Maces & Flails | 1 |  1.9
Polearms       | 1 |  1.9
Staves         | 1 |  1.9
Ranged Weapons | 1 |  1.9
Throwing       | 1 |  1.9
Armour         | 1 |  1.9
Shields        | 1 |  1.9
Unarmed Combat | 1 |  1.9
Evocations     | 1 |  1.9
Hexes          | 1 |  1.5
Necromancy     | 1 |  1.5
Transmutations | 1 |  1.5
Fire Magic     | 1 |  1.5
Ice Magic      | 1 |  1.5
Air Magic      | 1 |  1.5
Earth Magic    | 1 |  1.5
Poison Magic   | 1 |  1.5
Dodging        | 5 |  5.0
Stealth        | |  4.6
Spellcasting   | |  7.4

Action                   |  1- 3 |  4- 6 || total
-------------------------+-------+-------++-------
Melee: Whip              |    25 |    58 ||    83
       Bite              |     1 |     5 ||     6
       Punch             |     1 |     1 ||     2
       Short sword       |       |     8 ||     8
 Fire: Shortbow          |       |     7 ||     7
 Cast: Magic Dart        |    54 |    53 ||   107
       Slow              |       |     2 ||     2
       Call Imp          |       |     2 ||     2
 Stab: Sleeping          |     8 |     1 ||     9
Armor: Robe              |     5 |    10 ||    15
Dodge: Dodged            |    23 |    67 ||    90

Table legend: (Time is in decaauts)
 A = Elapsed time spent in this place.
 B = Non-inter-level travel time spent in this place.
 C = Inter-level travel time spent in this place.
 D = Time resting spent in this place.
 E = Time spent auto-exploring this place.
 F = Levels seen in this place.
 G = Mean time per level.
                   A        B        C        D        E       F      G
               +--------+--------+--------+--------+--------+-----+--------+
         Total |   3931 |   3674 |    257 |      0 |   3182 |   4 |  982.8 |
       Dungeon |   3931 |   3674 |    257 |      0 |   3182 |   4 |  982.8 |
               +--------+--------+--------+--------+--------+-----+--------+

Top non-repeatable levels by time:
     D:2: 1457 daAuts
     D:1: 978 daAuts
     D:3: 865 daAuts
     D:4: 630 daAuts

Table legend:
 A = Kills in this place as a percentage of kills in entire the game.
 B = Kills by you in this place as a percentage of kills by you in the entire game.
 C = Kills by friends in this place as a percentage of kills by friends in the entire game.
 D = Other kills in this place as a percentage of other kills in the entire game.
 E = Experience gained in this place as a percentage of experience gained in the entire game.
 F = Experience gained in this place divided by the number of levels of this place that you have seen.
                   A       B       C       D       E      F
               +-------+-------+-------+-------+-------+----------------------
         Total | 100.0 | 100.0 |   N/A |   N/A | 100.0 |  93.5
       Dungeon | 100.0 | 100.0 |   N/A |   N/A | 100.0 |  93.5
               +-------+-------+-------+-------+-------+----------------------
